 Dungeon Crawl Stone Soup version 0.23-a0-702-gd214142 (webtiles) character file.

1226 Larett the Cleaver (level 8, -3/64 HPs)
             Began as a Minotaur Berserker on Jan 12, 2019.
             Was an Elder of Trog.
             Slain by an orc warrior
             ... wielding a +0 flail
              (17 damage)
             ... on level 6 of the Dungeon.
             The game lasted 00:11:52 (4567 turns).

Larett the Cleaver (Minotaur Berserker)             Turns: 4567, Time: 00:11:53

Health: -3/64      AC:  8    Str: 22    XL:     8   Next: 23%
Magic:  7/7        EV: 11    Int:  4    God:    Trog [****..]
Gold:   306        SH:  7    Dex: 12    Spells: 7/7 levels left

rFire    . . .     SeeInvis +   a - +0 war axe (elec)
rCold    . . .     Gourm    .   S - +0 shield
rNeg     . . .     Faith    .   u - +1 ring mail
rPois    .         Spirit   .   (helmet restricted)
rElec    .         Reflect  .   J - +0 cloak
rCorr    .         Harm     .   (no gloves)
MR       .....                  (no boots)
Stlth    +.........             (no amulet)
HPRegen  0.20/turn              s - ring of see invisible
MPRegen  0.10/turn              l - ring of flight

@: no status effects
A: retaliatory headbutt, horns 2
a: Berserk, Trog's Hand, Brothers in Arms, Renounce Religion, Evoke Flight


You were on level 6 of the Dungeon.
You worshipped Trog.
Trog was greatly pleased with you.
You were not hungry.

You visited 1 branch of the dungeon, and saw 6 of its levels.

You collected 342 gold pieces.
You spent 36 gold pieces at shops.

Inventory:

Hand Weapons
 a - a +0 war axe of electrocution (weapon)
 E - a +1 war axe of chopping
 K - a +1 spear of freezing
Missiles
 C - 22 bolts
 D - 106 stones (quivered)
 F - 7 tomahawks
 N - 8 curare-tipped needles
 U - 46 poisoned needles
 V - 116 arrows
 Z - 32 sling bullets
Armour
 u - a +1 ring mail (worn)
 J - a +0 cloak (worn)
 S - a +0 shield (worn)
Jewellery
 l - a ring of flight (right hand)
 s - a ring of see invisible (left hand)
Wands
 I - a wand of iceblast (10)
 L - a wand of flame (14)
Scrolls
 z - a scroll of enchant armour
 G - 2 scrolls of remove curse
 M - a scroll of magic mapping {!r}
 O - 3 scrolls of fog
 R - 2 scrolls of identify
 T - 3 scrolls of teleportation
 X - a scroll of fear
Potions
 t - a potion of ambrosia
 A - a potion of flight {unknown}
 H - 2 potions of cancellation {unknown}
 P - a potion of heal wounds {unknown}
 Q - 3 potions of curing
 W - a potion of mutation {unknown}
 Y - a potion of haste {unknown}
Comestibles
 c - 9 rations
 B - 3 chunks of flesh


   Skills:
 - Level 3.6 Fighting
 * Level 9.1 Axes
 + Level 6.3 Armour
 + Level 5.8 Dodging


You had 7 spell levels left.
You didn't know any spells.
Your spell library contained the following spells:

 Spells                   Type           Power        Failure   Level  Hunger
 Animate Skeleton         Necr           N/A          99%         1    ##.....
 Pain                     Necr           #...         99%         1    ##.....
 Regeneration             Chrm/Necr      #.........   100%        3    ####...
 Vampiric Draining        Necr           #.........   100%        3    ####...
 Animate Dead             Necr           N/A          100%        4    #####..


Dungeon Overview and Level Annotations

Branches:
Dungeon (6/15)
 Temple: D:4-7

Altars:
Qazlal

Shops:
D:4 ?


Innate Abilities, Weirdness & Mutations

You reflexively headbutt those who attack you in melee.
You have a pair of horns on your head.


Message History

* * * LOW HITPOINT WARNING * * *
You slash the orc wizard!
You kill the orc wizard!
Trog accepts your kill.
Trog appreciates your killing of a magic user.
You hit the orc warrior but do no damage.
The orc warrior hits you with a +0 flail.
* * * LOW HITPOINT WARNING * * *
You hit the orc warrior but do no damage.
Your headbutt misses the orc warrior.
The orc warrior is heavily wounded.
You block the orc warrior's attack.
You barely miss the orc warrior.
The orc warrior is heavily wounded.
The orc warrior closely misses you. You furiously retaliate!
You headbutt the orc warrior, but do no damage.
You hit the orc warrior.
The orc warrior is heavily wounded.
The orc warrior hits you with a +0 flail!
You die...

#.....# #.....#
........# #.....#
.......# ###....#
.......# ..###'######
.......# .......#...##
#......# .......#....#
#......# .......'....#
#.)....# .......#....#
#@)....#
##.....#########.o....#
.#......................
.#......................
##......................
........................
........................
..#####.................
..#...#.................


You could see an orc warrior.

Vanquished Creatures
  An orc warrior (D:6)
  A sky beast (D:5)
  2 ogres
  A centaur (D:6)
  A bullfrog (D:6)
  A wyvern skeleton (D:3)
  2 scorpions (D:5)
  A bullfrog skeleton (D:5)
  A hound (D:5)
  3 orc priests
  2 orc wizards (D:6)
  4 worker ants
  A hound skeleton (D:4)
  A worker ant zombie (D:6)
  11 adders
  2 adder skeletons
  4 worms
  8 dart slugs
  4 leopard geckos
  19 orcs
  5 giant cockroaches
  9 goblins
  5 hobgoblins
  10 jackals
  10 kobolds
  3 quokkas
  A ball python (D:2)
  3 bats (D:1)
  4 frilled lizards
  A quokka skeleton (D:4)
  8 rats
129 creatures vanquished.

Notes
Turn   | Place    | Note
-------+----------+-------------------------------------------
     0 | D:1      | Larett the Minotaur Berserker began the quest for the Orb.
     0 | D:1      | Reached XP level 1. HP: 19/19 MP: 0/0
    31 | D:1      | Reached skill level 4 in Axes
   213 | D:1      | Reached XP level 2. HP: 25/26 MP: 1/1
   430 | D:1      | Reached skill level 3 in Armour
   469 | D:1      | Reached XP level 3. HP: 31/31 MP: 2/2
   707 | D:2      | Reached ** piety under Trog
  1062 | D:2      | Reached skill level 3 in Dodging
  1062 | D:2      | Reached XP level 4. HP: 31/39 MP: 3/3
  1065 | D:2      | Reached skill level 5 in Axes
  1516 | D:3      | Reached XP level 5. HP: 33/45 MP: 4/4
  1715 | D:3      | Reached skill level 6 in Axes
  1744 | D:3      | Reached *** piety under Trog
  2051 | D:3      | Reached XP level 6. HP: 47/51 MP: 5/5
  2631 | D:4      | Found Purokk's Magic Scroll Shoppe.
  2636 | D:4      | Reached skill level 7 in Axes
  2647 | D:4      | Bought a scroll of remove curse for 36 gold pieces
  2886 | D:4      | Found a stormy altar of Qazlal.
  2889 | D:4      | Noticed an air elemental
  2889 | D:4      | Noticed a fire elemental
  2889 | D:4      | Noticed a water elemental
  2988 | D:5      | Entered Level 5 of the Dungeon
  3087 | D:5      | Noticed a sky beast
  3096 | D:5      | Reached XP level 7. HP: 53/57 MP: 6/6
  3386 | D:5      | Reached skill level 8 in Axes
  3927 | D:6      | Reached skill level 6 in Armour
  3927 | D:6      | Reached XP level 8. HP: 44/64 MP: 7/7
  4350 | D:6      | Reached skill level 9 in Axes
  4559 | D:6      | Reached **** piety under Trog
  4567 | D:6      | Slain by an orc warrior

Vault maps used:
D:1:      shiori_arrival_elements, grunt_decor_arrowhead
D:2:      first_ration
D:3:      kennysheep_nub
D:4:      serial_shops, shop_statue, nicolae_qazlal_style_of_elements
D:6:      minmay_temple_entry_gardened_gates, minmay_crystal_room

Skill      XL: |  1  2  3  4  5  6  7  8 |
---------------+-------------------------+-----
Axes           | 4 5 6 7 8 9 |  9.1
Armour         | 3 4 5 6 |  6.3
Dodging        | 3 4 5 |  5.8
Fighting       | |  3.6

Action                   |  1- 3 |  4- 6 |  7- 9 || total
-------------------------+-------+-------+-------++-------
Melee: Hand axe          |    68 |   131 |       ||   199
       Headbutt          |     9 |    28 |    21 ||    58
       Spear             |       |    24 |    68 ||    92
       War axe           |       |     5 |    34 ||    39
Evoke: Wand              |       |     3 |       ||     3
  Use: Scroll            |     7 |     5 |     3 ||    15
  Eat: Chunk             |       |     7 |     5 ||    12
Armor: Animal skin       |     4 |       |       ||     4
       Ring mail         |    12 |    53 |    16 ||    81
Dodge: Dodged            |    42 |    51 |    36 ||   129
Block: Shield            |    16 |    52 |    31 ||    99

Table legend:
 A = Non-vault XP
 B = Vault XP
 C = Vault XP percentage of total XP
 D = Non-vault monster count
 E = Vault monster count
 F = Vault count percentage of total count
                 A         B        C        D         E       F
            +---------+---------+-------+---------+---------+-------
      Total |    1752 |       0 |   0.0 |     129 |       0 |   0.0
            +---------+---------+-------+---------+---------+-------
        D:1 |      45 |       0 |   0.0 |      25 |       0 |   0.0
        D:2 |      82 |       0 |   0.0 |      26 |       0 |   0.0
        D:3 |     267 |       0 |   0.0 |      27 |       0 |   0.0
        D:4 |     264 |       0 |   0.0 |      20 |       0 |   0.0
        D:5 |     427 |       0 |   0.0 |      14 |       0 |   0.0
        D:6 |     667 |       0 |   0.0 |      17 |       0 |   0.0
            +---------+---------+-------+---------+---------+-------
